 Dungeon Crawl Stone Soup version 0.28-a0-852-gbbce81c95b (webtiles) character file.

Game seed: 7212209204199267461

308 AvatarAndi78 the Skirmisher (level 6, -1/55 HPs)
             Began as a Minotaur Berserker on Nov 15, 2021.
             Was a Believer of Trog.
             Slain by a gnoll (4 damage)
             ... on level 4 of the Dungeon.
             The game lasted 00:05:19 (2973 turns).

AvatarAndi78 the Skirmisher (Minotaur Berserker)    Turns: 2973, Time: 00:05:20

Health: -1/55      AC:  8    Str: 28    XL:     6   Next: 16%
Magic:  5/5        EV: 11    Int:  4    God:    Trog [**....]
Gold:   91         SH:  0    Dex: 11    Spells: 5/5 levels left

rFire   . . .      SeeInvis .   c - +0 long sword
rCold   . . .      Faith    .   (no shield)
rNeg    . . .      Spirit   .   j - +0 scale mail
rPois   .          Reflect  .   (helmet restricted)
rElec   .          Harm     .   (no cloak)
rCorr   .          Rampage  .   (no gloves)
Will    ++...                   d - +0 pair of boots
Stlth   ..........              (no amulet)
HPRegen 1.18/turn               l - ring of flight
MPRegen 0.09/turn               p - +6 ring of strength

@: strong-willed, on berserk cooldown, flying, regenerating, slowed, very slow
A: horns 2, retaliatory headbutt
a: Renounce Religion, Berserk, Trog's Hand


You were on level 4 of the Dungeon.
You worshipped Trog.
Trog was pleased with you.
You visited 1 branch of the dungeon, and saw 4 of its levels.

You collected 91 gold pieces.

Inventory:

Hand Weapons
 a - a +0 hand axe
 c - a +0 long sword (weapon)
Armour
 d - a +0 pair of boots (worn)
 j - a +0 scale mail (worn)
Jewellery
 l - a ring of flight (left hand)
 p - a +6 ring of strength (right hand)
Scrolls
 f - 4 scrolls of identify {unknown}
 h - a scroll of teleportation {unknown}
 n - a scroll of magic mapping {unknown}
 o - a scroll of summoning {unknown}
Potions
 b - a potion of heal wounds {unknown}
 e - a potion of cancellation {unknown}
 g - a potion of might {unknown}
 i - a potion of attraction {unknown}
 k - a potion of magic {unknown}
 m - 2 potions of brilliance {unknown}


   Skills:
 + Level 4.9 Fighting
 + Level 4.2 Long Blades
 + Level 4.2 Axes
 + Level 4.0 Armour
 + Level 3.3 Dodging
 + Level 0.4 Stealth


You had 5 spell levels left.
You didn't know any spells.
Your spell library was empty.

Dungeon Overview and Level Annotations

Branches:
Dungeon (4/15)
 Temple: D:4-7

Altars:


Innate Abilities, Weirdness & Mutations

You have a pair of horns on your head.
You reflexively headbutt those who attack you in melee.


Message History

Trog accepts your kill.
The gnoll throws a throwing net.
The throwing net hits you.
You become entangled in the net!
The gnoll hits you with a +0 whip.
Your Armour skill increases to level 4!
You struggle against the net.
The gnoll hits you from afar with a +0 halberd!
You tear a large gash into the net.
You feel a strong urge to attack something.
The gnoll hits you from afar with a +0 halberd!
The gnoll hits you with a +0 whip.
You rip the net and break free!
The gnoll throws a throwing net.
The throwing net hits you.
You become entangled in the net!
The gnoll hits you with a +0 whip.
You struggle against the net.
You feel your anger nearly subside.
You are no longer berserk.
You are exhausted.
You feel yourself slow down.
The gnoll hits you from afar with a +0 halberd.
* * * LOW HITPOINT WARNING * * *
You tear a large gash into the net.
The gnoll hits you but does no damage. The gnoll closely misses you.
The gnoll hits you from afar with a +0 halberd.
* * * LOW HITPOINT WARNING * * *
The gnoll hits you with a +0 whip.
* * * LOW HITPOINT WARNING * * *
The gnoll barely misses you.
You shred the net and break free! The gnoll closely misses you.
The gnoll hits you but does no damage. The gnoll hits you with a +0 whip.
* * * LOW HITPOINT WARNING * * *
The gnoll barely misses you. The gnoll hits you with a +0 club.
* * * LOW HITPOINT WARNING * * *
You barely miss the gnoll. You headbutt the gnoll!
The gnoll is almost dead.
The gnoll hits you from afar with a +0 halberd.
* * * LOW HITPOINT WARNING * * *
The gnoll hits you with a +0 whip.
* * * LOW HITPOINT WARNING * * *
The gnoll barely misses you. The gnoll hits you but does no damage.
The gnoll hits you with a +0 whip.
You die...

. .. ... ... . .g
# ....#g##### .###
#..ng@.)#### ....#
#...g......#.....#
#.......##<......#
############.....#
#####


You could see a necrophage and 4 gnolls.

Vanquished Creatures
  An ogre (D:3)
  A jelly (D:4)
  A gnoll shaman (D:4)
  Terence (D:2)
  3 adders
  3 gnolls (D:3)
  A river rat (D:3)
  A worm (D:3)
  3 dart slugs
  4 ball pythons
  2 bats (D:1)
  6 endoplasms
  2 giant cockroaches
  10 goblins
  2 hobgoblins
  4 jackals (D:1)
  5 quokkas
  3 frilled lizards
  5 kobolds
  3 rats
  A spectral goblin (D:1)
62 creatures vanquished.

Notes
Turn   | Place    | Note
-------+----------+-------------------------------------------
     0 | D:1      | AvatarAndi78 the Minotaur Berserker began the quest for the
                  | Orb.
     0 | D:1      | Reached XP level 1. HP: 19/19 MP: 0/0
   183 | D:1      | Reached XP level 2. HP: 19/27 MP: 1/1
   441 | D:1      | Reached skill level 1 in Long Blades
   583 | D:1      | Found a faded altar of an unknown god.
   684 | D:1      | Reached XP level 3. HP: 33/33 MP: 2/2
   932 | D:2      | Noticed Terence
   940 | D:2      | Killed Terence
  1127 | D:2      | Reached XP level 4. HP: 41/41 MP: 3/3
  1136 | D:2      | Reached ** piety under Trog
  2237 | D:3      | Noticed an ogre
  2243 | D:3      | Killed an ogre
  2244 | D:3      | Reached XP level 5. HP: 19/47 MP: 4/4
  2916 | D:4      | Reached XP level 6. HP: 38/55 MP: 5/5
  2973 | D:4      | Slain by a gnoll

Illustrated notes

Levels and vault maps discovered:
D:1:      saegor_arrival_miasma, layout_basic,
          dreamdust_ecumenical_altar_drowned_temple
D:2:      layout_loops_ring, uniq_terence
D:3:      layout_loops_ring, gup_sewer_entry_bowl, due_unseen_surprise
D:4:      layout_rooms, grunt_temple_overflow_open

Skill      XL: |  1  2  3  4  5  6 |
---------------+-------------------+-----
Fighting       | 4 |  4.9
Axes           | 4 |  4.2
Long Blades    | 1 3 4 |  4.2
Armour         | 3 4 |  4.0
Dodging        | 3 |  3.3
Stealth        | |  0.4

Action                   |  1- 3 |  4- 6 || total
-------------------------+-------+-------++-------
Melee: Long sword        |    62 |    73 ||   135
       Hand axe          |     4 |       ||     4
       Headbutt          |    12 |    12 ||    24
Invok: Berserk           |       |     3 ||     3
       Trog's Hand       |       |     2 ||     2
Armor: Animal skin       |    16 |       ||    16
       Scale mail        |     2 |    24 ||    26
Dodge: Dodged            |    54 |    47 ||   101

Table legend: (Time is in decaauts)
 A = Elapsed time spent in this place.
 B = Non-inter-level travel time spent in this place.
 C = Inter-level travel time spent in this place.
 D = Time resting spent in this place.
 E = Time spent auto-exploring this place.
 F = Levels seen in this place.
 G = Mean time per level.
                   A        B        C        D        E       F      G
               +--------+--------+--------+--------+--------+-----+--------+
         Total |   3040 |   2878 |    162 |      0 |   2440 |   4 |  760.0 |
       Dungeon |   3040 |   2878 |    162 |      0 |   2440 |   4 |  760.0 |
               +--------+--------+--------+--------+--------+-----+--------+

Top non-repeatable levels by time:
     D:3: 1311 daAuts
     D:1: 834 daAuts
     D:2: 831 daAuts
     D:4: 62 daAuts
